 Dungeon Crawl Stone Soup version 0.28.0-45-g0d030f2227 (webtiles) character file.

Game seed: 13305977399620972337

3781 NinjaNoafa the Chiller (level 9, 0/62 HPs)
             Began as a Yellow Draconian Ice Elementalist on Apr 14, 2022.
             Was a Follower of Sif Muna.
             Shot with a bolt by an orc warrior (10 damage)
             ... in a bailey.
             The game lasted 00:30:39 (8419 turns).

NinjaNoafa the Chiller (DrIE)                       Turns: 8419, Time: 00:30:40

Health: 0/62       AC: 10    Str: 10    XL:     9   Next: 95%
Magic:  17/17      EV: 12    Int: 26    God:    Sif Muna [*.....]
Gold:   362        SH:  0    Dex: 12    Spells: 6/19 levels left

rFire   . . .      SeeInvis .   a - staff of earth
rCold   . . .      Faith    .   (no shield)
rNeg    . . .      Spirit   .   (armour unavailable)
rPois   .          Reflect  .   r - +2 hat
rElec   .          Harm     .   (no cloak)
rCorr   +          Rampage  .   g - +0 pair of gloves
Will    .....                   (no boots)
Stlth   ++........              q - amulet of regeneration
HPRegen 1.00/turn               E - +6 ring of intelligence
MPRegen 0.15/turn               (no ring)

@: about to teleport
A: spit acid, AC +7, unfitting armour, cold-blooded, acid resistance
a: Breathe Acid, Renounce Religion, Channel Magic


You were in a bailey.
You worshipped Sif Muna.
Sif Muna was aware of your devotion.
You visited 2 branches of the dungeon, and saw 10 of its levels.
You also visited: Bailey.

You collected 362 gold pieces.

Inventory:

Hand Weapons
 b - a +2 mace of venom
 h - a +2 war axe of electrocution
 s - a +1 flail of venom
 z - a +2 short sword of holy wrath
Missiles
 d - 178 stones
 i - 38 poisoned darts
 k - 8 boomerangs
 l - 4 silver boomerangs
 u - 4 javelins
 w - 2 throwing nets
Armour
 g - a +0 pair of gloves (worn)
 r - a +2 hat (worn)
Magical Staves
 a - a staff of earth (weapon)
 e - a staff of death
 m - a staff of air
Jewellery
 q - an amulet of regeneration (around neck)
 E - a +6 ring of intelligence (left hand)
Wands
 p - a wand of mindburst (7) (quivered)
 B - a wand of paralysis (6)
 C - a wand of iceblast (7)
Scrolls
 c - 2 scrolls of enchant weapon
 f - 2 scrolls of silence
 t - a scroll of identify
 y - a scroll of torment
 F - a scroll of fear
Potions
 j - 3 potions of attraction
 o - a potion of lignification
 v - 2 potions of resistance
 x - a potion of invisibility


   Skills:
 - Level 3.0 Dodging
 - Level 2.0 Stealth
 + Level 5.7 Spellcasting
 + Level 4.3 Conjurations
 + Level 3.2 Hexes
 + Level 4.7 Necromancy
 + Level 3.9 Transmutations
 + Level 6.9 Ice Magic
 + Level 0.9 Air Magic
 + Level 5.2 Earth Magic
 - Level 4.2 Evocations


You had 6 spell levels left.
You knew the following spells:

 Your Spells              Type           Power      Damage    Failure   Level
a - Freeze                Ice            100%       1d11      1%          1
b - Sandblast             Erth           100%       2d20      1%          1
c - Frozen Ramparts       Ice            86%        1d10      1%          3
d - Ozocubu's Armour      Ice            43%        N/A       1%          3
e - Passwall              Tmut/Erth      39%        N/A       1%          2
f - Stone Arrow           Conj/Erth      96%        3d13      3%          3

Your spell library contained the following spells:

 Spells                   Type           Power      Damage    Failure   Level
 Slow                     Hex            96%        N/A       1%          1
 Vampiric Draining        Necr           32%        2d8       3%          3
 Dazzling Flash           Conj/Hex       54%        N/A       4%          3
 Confusing Touch          Hex            24%        N/A       5%          3
 Hailstorm                Conj/Ice       36%        3d9       7%          4
 Agony                    Necr           32%        N/A       28%         5
 Silence                  Hex/Air        9%         N/A       63%         5


Dungeon Overview and Level Annotations

Branches:
Dungeon (9/15)             Temple (1/1) D:6          Bailey (1/1)
   Lair: D:8-11         Orc: D:9-12

Altars:
Ashenzari
Cheibriados
Dithmenos
Elyvilon
Fedhas
Gozag
Hepliaklqana
Kikubaaqudgha
Makhleb
Nemelex Xobeh
Okawaru
Qazlal
Ru
Sif Muna
Trog
Uskayaw
Vehumet
Wu Jian
Xom
Yredelemnul
Zin
The Shining One

Shops:
D:2 [

Annotations:
D:3 1 runed translucent door, GigaChad's ghost, amateur MiFi
D:8 Harold


Innate Abilities, Weirdness & Mutations

You can spit globs of acid.
Your golden yellow scales are hard. (AC +7)
You cannot fit into any form of body armour.
You are cold-blooded and may be slowed by cold attacks.
You are resistant to acid. (rCorr)


Message History

You now have 362 gold pieces (gained 22).
d - 178 stones (gained 16)
Found a spear.
Unknown command.
Found a spear.
Found a flagged portal.
Found a halberd.
You hear the creaking of a portcullis.
Found a spear.
A water moccasin comes into view.
You see here a +0 spear.
You see here a +0 spear.
There is a flagged portal here.
The water moccasin hisses angrily.
The world spins around you as you enter the gateway.
You enter a bailey!
Found a gate leading back out of this place.
There is an empty arch of ancient stone here.
Found a gate leading back out of this place.
An orc warrior comes into view. It is wielding a +0 arbalest.
The orc warrior shouts!
You hear a shout!
An orc warrior comes into view. It is wielding a +0 arbalest.
Why would you want to do that? Why would you want to do that?
Why would you want to do that?
The orc warrior shoots a bolt.
The bolt hits you.
The orc warrior shoots a bolt.
The bolt hits you!
The orc warrior shoots a bolt.
The bolt hits you!
The orc warrior shoots a bolt.
The bolt barely misses you.
The orc warrior shoots a bolt.
The bolt hits you!
Okay, then.
As you read the scroll of teleportation, it crumbles to dust.
You feel strangely unstable.
The orc warrior shoots a bolt.
The bolt barely misses you.
Okay, then.
You don't have any unidentified items.
The orc warrior shoots a bolt.
The bolt misses you.
The orc warrior shoots a bolt.
The bolt hits you!
* * * LOW HITPOINT WARNING * * *
The orc warrior shoots a bolt.
The bolt hits you!
You die...

#####################
#∩...................
#.∩..................
#............@.......
#....................
#......≈≈≈≈≈.........
#.....≈≈###≈≈........
#.....≈##.##≈o.......
#.....≈#....o........
#.....≈##.∩#≈........
.....≈ #.##≈......##
... ≈≈.≈≈≈...####


You could see 2 orc warriors.

Vanquished Creatures
  A cyclops (D:9)
  An unseen horror (D:6)
  A troll (D:6)
  A wyvern (D:7)
  2 water moccasins (D:5)
  3 orc warriors
  A sky beast (D:6)
  2 black bears
  A necrophage (D:6)
  2 ogres (D:7)
  A centaur (D:6)
  3 kobold brigands
  A bullfrog (D:8)
  Blork the orc (D:5)
  3 scorpions
  5 killer bees (D:8)
  2 howler monkeys
  A hound (D:5)
  3 orc priests
  2 gnoll shamans
  5 jellies
  2 bullfrog skeletons (D:6)
  2 iguanas
  3 orc wizards
  A killer bee zombie (D:8)
  A hound skeleton (D:4)
  16 gnolls
  7 adders
  2 white imps
  An ufetubus (D:5)
  3 worms
  A dart slug (D:1)
  14 orcs
  4 endoplasms
  4 giant cockroaches
  7 goblins
  7 hobgoblins
  4 jackals (D:3)
  4 quokkas
  6 ball pythons
  2 bats (D:1)
  A frilled lizard (D:3)
  24 kobolds
  2 rats
160 creatures vanquished.

Vanquished Creatures (others)
  5 toadstools (D:1)
5 creatures vanquished.

Grand Total: 165 creatures vanquished

Notes
Turn   | Place    | Note
-------+----------+-------------------------------------------
     0 | D:1      | NinjaNoafa the Draconian Ice Elementalist began the quest
                  | for the Orb.
     0 | D:1      | Reached XP level 1. HP: 14/14 MP: 3/3
    41 | D:1      | Found a faded altar of an unknown god.
   186 | D:1      | Reached XP level 2. HP: 20/20 MP: 1/5
   932 | D:2      | Found Yffeuhov's Armour Boutique.
   936 | D:2      | Reached XP level 3. HP: 24/26 MP: 2/6
  1811 | D:3      | Reached skill level 1 in Evocations
  1944 | D:3      | Reached skill level 1 in Necromancy
  1944 | D:3      | Reached XP level 4. HP: 32/33 MP: 2/7
  2106 | D:3      | Reached skill level 1 in Earth Magic
  2239 | D:3      | Found a runed translucent door.
  2251 | D:3      | Noticed GigaChad's ghost (amateur MiFi)
  2275 | D:3      | Reached XP level 5. HP: 38/38 MP: 3/8
  2776 | D:4      | Noticed an orc warrior
  2795 | D:4      | Killed an orc warrior
  2804 | D:4      | Reached XP level 6. HP: 37/45 MP: 0/10
  2876 | D:4      | Found a bloodstained altar of Trog.
  3272 | D:4      | Reached skill level 5 in Ice Magic
  3272 | D:4      | Your scales start taking on a golden yellow colour.
  3272 | D:4      | Reached XP level 7. HP: 49/50 MP: 7/12
  3272 | D:4      | Gained mutation: You are resistant to acid. (rCorr) [Yellow
                  | Draconian growth]
  3686 | D:5      | Entered Level 5 of the Dungeon
  3687 | D:5      | Noticed Blork the orc
  3701 | D:5      | Killed Blork the orc
  3706 | D:5      | Learned a level 1 spell: Sandblast
  3998 | D:5      | Reached skill level 1 in Conjurations
  4090 | D:5      | Reached skill level 1 in Transmutations
  4126 | D:5      | Reached XP level 8. HP: 57/57 MP: 11/13
  4359 | D:5      | Identified a scroll of acquirement
  4361 | D:5      | Acquired a staff of earth
  4633 | D:6      | Identified the +0 leather armour of the Tundras {Will+
                  | Regen+ Int+3}
  4664 | D:6      | Found a staircase to the Ecumenical Temple.
  4664 | D:6      | Noticed a troll
  4730 | D:6      | Found a broken altar of Ashenzari.
  4883 | Temple   | Entered the Ecumenical Temple
  5285 | Temple   | Became a worshipper of Sif Muna the Loreminder
  5476 | D:6      | Reached skill level 1 in Hexes
  5494 | D:6      | Noticed an unseen horror
  5622 | D:6      | Reached skill level 6 in Ice Magic
  5648 | D:6      | Killed a troll
  5717 | D:6      | Learned a level 3 spell: Frozen Ramparts
  5721 | D:6      | Learned a level 3 spell: Ozocubu's Armour
  5724 | D:6      | Learned a level 2 spell: Passwall
  5750 | D:6      | Reached skill level 5 in Spellcasting
  5784 | D:6      | Reached XP level 9. HP: 28/62 MP: 3/16
  6201 | D:6      | Killed an unseen horror
  7013 | D:7      | Reached * piety under Sif Muna
  7093 | D:7      | Learned a level 3 spell: Stone Arrow
  7733 | D:8      | Noticed Harold
  7828 | D:8      | Reached skill level 5 in Earth Magic
  8245 | D:8      | You fall into a shaft and drop 1 floor!
  8245 | D:9      | Noticed a cyclops
  8251 | D:9      | Killed a cyclops
  8394 | D:9      | Found a flagged portal.
  8404 | Bailey   | Entered a bailey
  8419 | Bailey   | Shot with a bolt by an orc warrior

Illustrated notes

Levels and vault maps discovered:
D:1:      ldierk_walled_garden, layout_loops_ring,
          ebering_ecumenical_altar_sacrificial
D:2:      layout_rooms, serial_shops, nicolae_square_shop
D:3:      layout_loops_ring, ebering_ghost_sewer_d
D:4:      layout_basic, mainiacjoe_overflow_boulevard
D:5:      layout_cave_pools, uniq_blork_the_orc
D:6:      cheibrodos_fzero, layout_layer_cave, cheibrodos_ashenzari_chains,
          minmay_temple_entry_ruins
D:7:      layout_basic, minmay_fractal_squares_5
D:8:      layout_gridville, lair_entry_dummy, uniq_harold
D:9:      layout_long_grid, enter_bailey_2, minmay_misc_feat_plants,
          minmay_misc_feat_room
Temple:   mainiacjoe_temple_cubbyholes
Bailey:   bailey_polearm_2, bailey

Skill      XL: |  1  2  3  4  5  6  7  8  9 |
---------------+----------------------------+-----
Dodging        | 2 3 |  3.0
Stealth        | 2 |  2.0
Evocations     | 1 2 3 4 |  4.2
Necromancy     | 1 2 3 4 |  4.7
Earth Magic    | 1 2 3 4 5 |  5.2
Spellcasting   | 3 5 |  5.7
Ice Magic      | 5 6 |  6.9
Conjurations   | 1 2 4 |  4.3
Transmutations | 1 2 3 |  3.9
Hexes          | 2 3 |  3.2
Air Magic      | |  0.9

Action                   |  1- 3 |  4- 6 |  7- 9 || total
-------------------------+-------+-------+-------++-------
Melee: Staff             |    21 |    58 |    76 ||   155
       Tailslap          |     4 |     2 |    12 ||    18
       Punch             |       |     2 |     2 ||     4
       Flail             |       |    12 |       ||    12
       Mace              |       |     2 |     4 ||     6
Throw: Boomerang         |       |       |     2 ||     2
 Cast: Freeze            |    55 |    71 |    66 ||   192
       Sandblast         |       |       |    94 ||    94
       Stone Arrow       |       |       |    17 ||    17
       Frozen Ramparts   |       |       |     9 ||     9
       Ozocubu's Armour  |       |       |     1 ||     1
 Abil: Breathe Acid      |       |       |     4 ||     4
Evoke: Wand              |       |     2 |     2 ||     4
  Use: Potion            |       |     4 |    10 ||    14
       Scroll            |       |       |    17 ||    17
 Stab: Invisible         |       |     2 |       ||     2
Armor: Skin              |    18 |    55 |   104 ||   177
Dodge: Dodged            |    35 |    75 |   194 ||   304
